Map: Catalyst LE

Players

TIME (Oliveira)

  • Race: Terran Terran
  • Spawn Location: 5:00

Maru - Winner!

  • Race: Terran Terran
  • Spawn Location: 11:00

Event: WESG 2017 Haikou

VOD

Have the link to the VOD?

Description

Time

  • Played on: March 14, 2018, 12:01 a.m.
  • Length: 9:30

All games in this series

Show
View Real Time Build Order
Export as new Build Order

TIME Terran 

Build Orders: Cyclone Opening, Mech 

Get SALT Encoding   

  12  0:01  SCV  
  13  0:13  SCV  
  14  0:18  Supply Depot  
  14  0:25  SCV  
  15  0:28  Refinery  
  15  0:39  SCV  
  16  0:45  Barracks  
  16  0:51  SCV  
  16  0:55  Refinery  
  17  1:04  SCV  
  18  1:16  SCV  
  19  1:32  Reaper  
  20  1:34  Orbital Command  
  20  1:36  Factory  
  20  1:52  Supply Depot  
  20  2:00  SCV  
  21  2:04  Reaper  
  22  2:12  SCV  
  23  2:20  Hellion  
  25  2:30  Command Center  
  25  2:32  SCV  
  26  2:41  Cyclone  
  29  2:48  SCV  
  29  2:50  Barracks Reactor  
  30  2:53  Supply Depot  
  29  3:00  SCV  
  28  3:12  SCV  
  28  3:24  SCV  
  26  3:36  Cyclone  
  26  3:37  SCV, Cyclone  
  26  3:40  Reaper  
  34  3:42  Orbital Command  
  34  3:49  SCV  
  35  4:01  SCV  
  36  4:07  SCV  
  36  4:08  Cyclone  
  36  4:09  Cyclone  
  43  4:13  SCV  
  45  4:19  SCV, Supply Depot  
  46  4:25  SCV  
  45  4:31  SCV  
  45  4:37  SCV  
  47  4:41  Cyclone x2  
  47  4:43  SCV  
  54  4:49  SCV  
  54  4:55  SCV  
  54  4:57  Command Center  
  55  5:01  SCV  
  53  5:08  SCV  
  53  5:13  SCV, Cyclone  
  58  5:20  SCV  
  59  5:25  Refinery, SCV  
  59  5:26  Refinery  
  60  5:30  Supply Depot  
  60  5:32  SCV  
  61  5:37  Factory  
  61  5:38  SCV  
  61  5:41  Supply Depot  
  62  5:51  SCV, Cyclone  
  62  5:52  SCV  
  62  5:54  Supply Depot  
  62  5:55  Cyclone  
  70  6:04  SCV, Command Center, Barracks Reactor  
  71  6:05  SCV  
  71  6:08  Orbital Command  
  72  6:16  SCV  
  72  6:17  SCV  
  74  6:24  Cyclone  
  77  6:27  Cyclone  
  77  6:28  SCV  
  77  6:30  SCV  
  82  6:36  Orbital Command  
  82  6:40  SCV, Armory  
  82  6:43  Hellion  
  82  6:44  Hellion  
  82  6:45  Orbital Command  
  87  6:50  Starport  
  87  6:53  Barracks Tech Lab  
  87  6:54  Factory  
  87  6:58  Hellion  
  87  6:59  SCV x2  
  87  7:00  Hellion  
  97  7:11  SCV x2  
  99  7:19  SCV x2  
  99  7:20  Hellion  
  99  7:22  Hellion  
  101  7:23  SCV  
  100  7:35  Siege Tank  
  100  7:36  Starport Reactor  
  103  7:38  SCV  
  103  7:40  SCV  
  102  7:48  Hellion x2  
  102  7:49  Factory Tech Lab  
  102  7:51  SCV  
  107  7:52  SCV  
  107  7:53  Supply Depot  
  107  7:54  Refinery  
  107  7:56  Refinery, Supply Depot  
  107  7:57  Supply Depot  
  105  8:07  SCV  
  105  8:08  Siege Tank  
  105  8:09  Hellion  
  105  8:10  Siege Tank  
  105  8:11  Hellion  
  98  8:13  SCV x2  
  98  8:15  SCV  
  82  8:21  SCV  
  82  8:25  SCV  
  82  8:26  SCV  
  83  8:30  Hellion, Medivac x2  
  83  8:33  SCV  
  91  8:34  Factory  
  91  8:36  Orbital Command  
  91  8:37  Factory  
  91  8:38  Engineering Bay  
  91  8:40  SCV  
  91  8:42  Siege Tank  
  91  8:43  Hellion  
  96  8:48  SCV  
  96  8:49  SCV  
  96  8:52  SCV  
  96  8:54  Siege Tank  
  96  8:55  Hellion  
  104  9:01  SCV x2, Supply Depot x2  
  104  9:07  SCV  
  104  9:08  Hellion  
  102  9:15  SCV  
  102  9:16  SCV  
  96  9:20  Factory Tech Lab  
  96  9:21  Factory Reactor  
Show
View Real Time Build Order
Export as new Build Order

Maru Terran - Winner!

Build Orders: Gas First Reaper Expand, Reaper Expand, MMM Bio 

Get SALT Encoding   

  12  0:00  SCV  
  13  0:12  SCV  
  14  0:17  Supply Depot  
  14  0:25  SCV  
  15  0:28  Refinery  
  15  0:39  SCV  
  16  0:45  Barracks  
  16  0:51  SCV  
  17  1:03  SCV  
  18  1:15  SCV  
  19  1:31  Orbital Command  
  19  1:32  Reaper  
  20  1:46  Command Center  
  20  1:56  Factory  
  20  2:02  SCV  
  20  2:05  Barracks Reactor  
  21  2:11  Supply Depot  
  21  2:14  SCV  
  22  2:20  Refinery  
  22  2:26  SCV  
  23  2:39  SCV  
  24  2:49  Hellion x2  
  24  2:51  SCV  
  30  3:00  Orbital Command  
  30  3:01  Barracks Tech Lab  
  29  3:09  SCV  
  29  3:11  Cyclone  
  28  3:21  SCV  
  28  3:25  Marine  
  28  3:28  Cyclone  
  28  3:33  SCV  
  32  3:34  SCV  
  33  3:43  Cyclone  
  33  3:45  SCV  
  33  3:46  SCV  
  38  3:51  Supply Depot  
  38  3:56  Stimpack  
  38  3:57  SCV  
  38  3:59  SCV  
  40  4:04  Cyclone  
  40  4:09  SCV  
  44  4:11  SCV  
  45  4:19  Marine  
  45  4:21  SCV  
  45  4:23  SCV  
  48  4:25  Barracks  
  48  4:28  Barracks  
  45  4:33  Cyclone  
  45  4:34  SCV  
  45  4:35  SCV  
  46  4:46  SCV  
  46  4:47  SCV  
  46  4:49  Marine  
  46  4:50  Cyclone  
  52  4:53  Supply Depot  
  52  4:56  Engineering Bay  
  52  4:58  SCV  
  52  4:59  SCV  
  54  5:15  SCV x2  
  53  5:27  SCV x2, Marine x2  
  53  5:28  Marine  
  61  5:31  Supply Depot  
  61  5:32  Terran Infantry Weapons Level 1  
  58  5:38  Starport  
  58  5:39  Refinery, SCV x2  
  58  5:41  Factory Tech Lab  
  60  5:51  SCV x2  
  60  5:52  Command Center  
  62  6:00  Refinery  
  62  6:01  Concussive Shells  
  62  6:02  Marauder  
  62  6:03  SCV x2, Marauder, Marine x2  
  70  6:07  Factory Tech Lab  
  70  6:11  Supply Depot  
  70  6:13  Supply Depot  
  70  6:15  Starport Reactor  
  70  6:16  SCV x2  
  72  6:21  Combat Shields  
  72  6:22  Marine  
  72  6:23  Marauder, Marine  
  76  6:31  Barracks  
  76  6:33  Siege Tank, Barracks  
  76  6:39  SCV x2  
  81  6:43  Marauder, Marine x2  
  81  6:45  Marauder, Supply Depot  
  87  6:52  Supply Depot  
  87  6:53  Medivac  
  89  6:55  Medivac  
  89  6:59  SCV x2  
  89  7:00  Supply Depot  
  93  7:02  Marine  
  93  7:04  Marine  
  93  7:05  Marauder  
  93  7:06  Marauder  
  99  7:09  Orbital Command  
  99  7:15  Siege Tank  
  101  7:26  Marauder, Terran Infantry Armor Level 1  
  101  7:28  Barracks Tech Lab  
  103  7:32  SCV x2  
  103  7:33  Orbital Command  
  105  7:41  Barracks Tech Lab  
  105  7:45  SCV  
  105  7:46  Refinery  
  105  7:48  Marauder x3  
  105  7:50  SCV  
  112  7:53  Refinery  
  112  7:54  Supply Depot  
  112  7:55  Medivac x2  
  112  7:56  Marine  
  117  8:09  Marine x2  
  117  8:10  Marauder x2  
  98  8:19  Marine  
  88  8:20  Marauder  
  88  8:21  Siege Tank  
  88  8:26  SCV x2  
  96  8:27  SCV, Marine  
  96  8:28  Marauder  
  96  8:33  Marauder x2  
  104  8:37  Marine  
  104  8:38  SCV  
  106  8:41  Marauder  
  106  8:43  Armory  
  106  8:44  Engineering Bay  
  106  8:45  Marine, Medivac  
  106  8:47  Supply Depot  
  111  8:49  SCV x2  
  111  8:50  Marine  
  111  8:51  SCV  
  111  8:54  Siege Tank  
  118  9:03  Marine  
  118  9:04  Marauder x2, Marine  
  118  9:07  Marine  
  118  9:08  Marauder  
Tags
 
Add a new tag
Caveats
  • Supply blocks, unpowered buildings, or Contaminate may cause inaccurate times.
  • Supply counts are checked every 10 seconds.